Map: [TLMC15] Hardwire

Players

Clem

  • Race: Terran Terran

Maru - Winner!

  • Race: Terran Terran

Event: DreamHack SC2 Masters 2021 Winter

VOD

https://youtu.be/fwIly_CiE2c?t=1164

Description

Time

  • Played on: Nov. 14, 2021, 8:30 a.m.
  • Length: 9:43

All games in this series

Show
View Real Time Build Order
Export as new Build Order

Clem Terran 

Build Orders: 1/1/1, Hellion Opening 

Get SALT Encoding   

  12  0:00  SCV  
  13  0:12  SCV  
  14  0:17  Supply Depot  
  14  0:24  SCV  
  15  0:38  SCV  
  15  0:40  Barracks  
  15  0:42  Refinery  
  16  0:50  SCV  
  16  0:53  Refinery  
  17  1:02  SCV  
  18  1:14  SCV  
  19  1:27  Reaper, Orbital Command  
  19  1:29  Supply Depot  
  20  1:41  Factory  
  20  1:53  SCV  
  21  1:59  Barracks Reactor  
  21  2:05  SCV  
  22  2:18  SCV, Command Center  
  23  2:29  Starport  
  23  2:31  SCV  
  24  2:39  Hellion  
  24  2:40  Hellion  
  28  2:45  Barracks Tech Lab, SCV  
  29  2:58  SCV  
  30  3:03  Hellion  
  31  3:09  Hellion  
  31  3:13  SCV  
  31  3:23  Concussive Shells  
  31  3:29  Orbital Command  
  31  3:30  Marauder  
  31  3:33  SCV  
  34  3:37  Medivac  
  36  3:43  Hellion  
  40  3:48  Hellion  
  40  3:54  Marauder  
  42  3:56  SCV  
  42  3:57  SCV  
  42  4:02  Supply Depot  
  44  4:08  SCV  
  44  4:09  SCV  
  43  4:16  Factory Tech Lab  
  43  4:20  SCV, Raven  
  43  4:23  Supply Depot  
  46  4:24  SCV  
  46  4:26  Marine x2  
  49  4:32  SCV  
  49  4:33  Refinery  
  49  4:36  SCV  
  49  4:38  Siege Tank  
  54  4:46  Marine x2  
  54  4:47  SCV  
  54  4:49  SCV  
  54  4:59  SCV  
  51  5:01  SCV  
  51  5:05  Raven  
  51  5:06  Command Center  
  54  5:11  Supply Depot  
  54  5:13  SCV x2  
  56  5:20  Siege Tank  
  56  5:21  Marine x2  
  60  5:26  Supply Depot, SCV  
  62  5:33  SCV  
  63  5:38  Barracks  
  63  5:40  SCV, Barracks  
  64  5:45  SCV  
  65  5:52  Siege Tank  
  65  5:54  Refinery  
  65  5:55  SCV  
  65  5:56  Marine  
  69  5:57  SCV  
  69  6:00  Viking  
  72  6:08  Supply Depot, SCV  
  72  6:10  Stimpack  
  73  6:13  SCV  
  73  6:14  Marine  
  75  6:19  Orbital Command  
  75  6:20  Supply Depot  
  75  6:24  Viking  
  75  6:28  SCV x2  
  75  6:32  Siege Tank, Marine  
  81  6:33  Marine  
  81  6:36  Orbital Command  
  81  6:39  Marine  
  81  6:40  SCV x2  
  81  6:45  Supply Depot  
  81  6:48  Viking  
  81  6:52  SCV  
  81  6:53  Supply Depot, Marine x2  
  84  6:54  Viking  
  84  6:55  SCV  
  87  7:03  Barracks Reactor  
  87  7:04  Supply Depot  
  87  7:05  SCV  
  87  7:06  SCV  
  87  7:08  SCV, Siege Tank  
  92  7:13  Barracks Reactor  
  92  7:14  Supply Depot  
  92  7:15  Marine  
  94  7:17  SCV  
  94  7:18  SCV  
  94  7:20  Viking  
  97  7:24  Viking  
  97  7:25  SCV  
  97  7:29  SCV  
  101  7:35  Engineering Bay  
  101  7:36  Supply Depot, Engineering Bay  
  101  7:39  SCV, Marine  
  101  7:40  SCV  
  101  7:41  Siege Tank  
  101  7:42  Marine  
  101  7:43  Marine  
  105  7:52  Marine  
  105  7:56  Viking x2, Marine  
  109  8:00  Marine  
  109  8:05  Orbital Command  
  101  8:09  Marine x3  
  91  8:15  Marine  
  91  8:16  SCV x2  
  91  8:17  Siege Tank, Marine  
  87  8:27  Marine x3  
  87  8:28  SCV  
  87  8:33  Marine  
  92  8:35  Marine  
  92  8:36  SCV  
  92  8:38  SCV  
  81  8:42  SCV  
  81  8:44  Medivac x2  
  81  8:45  Marine x3  
  82  8:55  SCV x3  
  85  8:56  Siege Tank, Marine  
  85  8:57  Marine  
  90  9:02  Marine  
  90  9:03  Marine  
  90  9:07  SCV  
  93  9:10  Marine  
  93  9:14  Marine  
  93  9:15  Marine  
  83  9:19  Barracks  
  83  9:20  Marine x2, Barracks  
Show
View Real Time Build Order
Export as new Build Order

Maru Terran - Winner!

Build Orders: Cyclone Opening 

Get SALT Encoding   

  12  0:00  SCV  
  13  0:12  SCV  
  14  0:17  Supply Depot  
  14  0:24  SCV  
  15  0:38  SCV  
  15  0:40  Barracks  
  16  0:43  Refinery  
  16  0:50  SCV  
  16  0:53  Refinery  
  17  1:03  SCV  
  18  1:15  SCV  
  19  1:27  Orbital Command  
  19  1:28  Reaper  
  19  1:31  Supply Depot  
  20  1:43  Factory  
  20  1:53  SCV  
  21  2:00  Reaper  
  22  2:05  SCV  
  23  2:17  SCV  
  24  2:25  Command Center  
  24  2:28  Factory Tech Lab  
  24  2:29  SCV  
  25  2:32  Barracks Reactor  
  25  2:40  Supply Depot  
  25  2:41  SCV  
  26  2:48  Cyclone  
  29  2:53  SCV  
  30  2:59  Starport  
  30  3:12  Marine x2  
  30  3:21  Cyclone  
  30  3:22  SCV  
  34  3:30  Marine x2  
  36  3:34  Refinery  
  36  3:37  Orbital Command  
  36  3:38  Starport Tech Lab  
  36  3:49  SCV  
  36  3:53  Siege Tank  
  36  3:54  Marine x2  
  42  4:01  SCV  
  43  4:03  SCV  
  44  4:12  Raven  
  44  4:13  SCV  
  44  4:14  Supply Depot, Marine x2  
  44  4:15  SCV  
  50  4:26  SCV  
  50  4:27  SCV  
  52  4:32  Supply Depot, Marine x2  
  52  4:36  Siege Tank  
  52  4:37  Supply Depot  
  57  4:38  SCV  
  57  4:39  SCV  
  59  4:50  SCV  
  59  4:52  SCV  
  58  4:56  Raven  
  57  5:03  SCV  
  57  5:04  SCV  
  59  5:07  Command Center  
  59  5:13  Siege Tank  
  62  5:15  Marine  
  62  5:20  Marine  
  64  5:23  SCV x2  
  66  5:29  Supply Depot  
  66  5:35  SCV x2  
  68  5:47  SCV, Viking x2  
  68  5:49  Siege Tank  
  76  5:51  SCV  
  77  5:59  SCV  
  78  6:05  SCV  
  78  6:09  Barracks x2  
  78  6:12  Stimpack, Marine  
  79  6:18  Viking  
  79  6:20  Viking  
  79  6:24  Orbital Command  
  83  6:27  SCV  
  83  6:30  Refinery  
  83  6:31  SCV  
  85  6:42  Siege Tank, Orbital Command  
  85  6:45  Engineering Bay  
  85  6:46  SCV, Engineering Bay  
  85  6:47  Supply Depot  
  89  6:51  SCV  
  90  6:56  Viking x2  
  90  6:58  SCV  
  95  7:02  Supply Depot  
  95  7:03  SCV  
  95  7:04  Barracks Reactor x2  
  96  7:08  SCV  
  96  7:10  SCV, Marine  
  98  7:16  SCV  
  98  7:20  SCV  
  98  7:22  Terran Infantry Weapons Level 1, Terran Infantry Armor Level 1  
  100  7:25  Supply Depot, SCV  
  100  7:28  SCV  
  102  7:31  Marine  
  103  7:38  Viking x2  
  103  7:40  SCV  
  103  7:42  SCV x2, Refinery  
  103  7:44  Supply Depot, Refinery  
  110  7:49  Siege Tank, Marine  
  114  7:52  SCV  
  114  7:54  SCV, Marine  
  114  7:55  Marine x3  
  114  7:56  SCV  
  121  8:04  SCV  
  122  8:06  SCV  
  122  8:07  Marine  
  122  8:12  Marine x2  
  108  8:13  SCV, Marine x2  
  108  8:15  Viking x2  
  108  8:16  SCV  
  108  8:18  SCV  
  110  8:21  Siege Tank  
  110  8:24  Combat Shield  
  110  8:25  Marine  
  114  8:28  SCV  
  114  8:30  Marine x3  
  114  8:31  Marine  
  106  8:43  Marine  
  106  8:45  Medivac x2, SCV  
  106  8:48  Marine x4  
  109  8:54  Barracks  
  113  8:56  Barracks  
  113  8:57  Siege Tank  
  113  8:59  Command Center  
  113  9:00  Marine  
  117  9:04  Armory  
  117  9:06  Marine x4  
  121  9:12  SCV  
  116  9:18  Marine  
  116  9:24  Marine x2  
  119  9:25  SCV x2  
  127  9:41  Factory  

Tags
 
Add a new tag
Caveats
  • Supply blocks, unpowered buildings, or Contaminate may cause inaccurate times.
  • Supply counts are checked every 10 seconds.